 Dungeon Crawl Stone Soup version 0.22-a0-305-gd21a89c (webtiles) character file.

4 Amnesiac the Magician (level 1, 0/9 HPs)
             Began as a Spriggan Wanderer on Apr 1, 2018.
             Slain by a hobgoblin
             ... wielding a cursed +0 club
              (3 damage)
             ... on level 2 of the Dungeon.
             The game lasted 00:02:48 (396 turns).

Amnesiac the Magician (Spriggan Wanderer)            Turns: 396, Time: 00:02:49

Health: 0/9        AC:  2    Str:  5    XL:     1   Next: 58%
Magic:  2/6        EV: 15    Int: 16    God:
Gold:   29         SH:  0    Dex: 15    Spells: 7/8 levels left

rFire    . . .     SeeInvis +   e - +0 dagger
rCold    . . .     Gourm    .   (shield restricted)
rNeg     . . .     Faith    .   d - +0 robe
rPois    .         Spirit   .   (helmet restricted)
rElec    .         Reflect  .   (no cloak)
rCorr    .         Harm     .   (gloves unavailable)
MR       .....                  (boots unavailable)
Stlth    ++........             (no amulet)
HPRegen  0.03/turn              (no ring)
MPRegen  0.10/turn              (no ring)

@: infused, very quick
A: very small, unfitting armour, see invisible, herbivore, speed 3, slow
metabolism 2
a: no special abilities


You were on level 2 of the Dungeon.
You were not hungry.

You visited 1 branch of the dungeon, and saw 2 of its levels.

You collected 29 gold pieces.

Inventory:

Hand Weapons
 e - a +0 dagger (weapon)
Armour
 d - a +0 robe (worn)
Potions
 a - a potion of might {!q, unknown}
 b - a potion of degeneration {!q, unknown}
 c - a potion of lignification {!q}
 g - a potion of invisibility {!q, unknown}
Comestibles
 f - 2 rations


   Skills:
 - Level 3.0 Stealth
 + Level 4.4 Spellcasting
 - Level 3.0 Charms
   Level 4.0 Transmutations


You had 7 spell levels left.
You knew the following spells:

 Your Spells              Type           Power        Failure   Level  Hunger
a - Infusion              Chrm           ##..         4%          1    None


Dungeon Overview and Level Annotations

Branches:
Dungeon (2/15)

Altars:
Cheibriados

Annotations:
D:2 Terence


Innate Abilities, Weirdness & Mutations

You are very small and have problems with some larger weapons.
You are too small for most types of armour.
You have supernaturally acute eyesight. (SInv)
You are a herbivore.
You cover ground extremely quickly.
You need to consume almost no food.


Message History

The hobgoblin hits you.
You hit the hobgoblin.
The hobgoblin is severely wounded.
The hobgoblin hits you but does no damage.
You hit the hobgoblin.
You kill the hobgoblin!
You start resting.
Your magical infusion is running out.
Your magical contamination has completely faded away.
You start resting.
You are no longer magically infusing your attacks.
You start resting.
HP restored.
You start resting.
Magic restored.
You start resting.
Magic restored.
You start resting.
HP restored.
A hobgoblin comes into view. It is wielding a club.
The hobgoblin shouts!
Casting: Infusion (safe; 4% risk of failure)
Confirm with . or Enter, or press ? or * to list all spells.
You begin infusing your attacks with magical energy.
You hit the hobgoblin.
The hobgoblin is severely wounded.
The hobgoblin misses you.
You hit the hobgoblin.
You kill the hobgoblin!
A hobgoblin comes into view. It is wielding a club.
Things that are here:
a club; a hobgoblin corpse You closely miss the hobgoblin.
The hobgoblin barely misses you.
You hit the hobgoblin.
The hobgoblin is moderately wounded.
The hobgoblin misses you.
You closely miss the hobgoblin.
The hobgoblin is moderately wounded.
The hobgoblin completely misses you.
You barely miss the hobgoblin.
The hobgoblin is moderately wounded.
You barely miss the hobgoblin.
The hobgoblin is moderately wounded.
The hobgoblin hits you with a club.
You hit the hobgoblin.
The hobgoblin is moderately wounded.
The hobgoblin barely misses you.
You barely miss the hobgoblin.
The hobgoblin is moderately wounded.
The hobgoblin barely misses you.
You closely miss the hobgoblin.
The hobgoblin is moderately wounded.
The hobgoblin misses you.
You closely miss the hobgoblin.
The hobgoblin is moderately wounded.
The hobgoblin hits you but does no damage.
You completely miss the hobgoblin.
The hobgoblin is moderately wounded.
The hobgoblin hits you with a club.
* * * LOW HITPOINT WARNING * * *
You closely miss the hobgoblin.
The hobgoblin is moderately wounded.
The hobgoblin hits you with a club.
You die...

#.# # #.##.# #.#.#
#.##.# # #
###.#.######.##.##.#.# .
.................#.###
###.#.##.#......###<....
....#.##....†...........
.#<.#.##............#
###.#.##.........##.# #
##..##.#......@#
###.#.........._.g..#
.#.###########...#..#
#.## #####..# #.# .# #.#
.# #.# . #.# ## #..


You could see a hobgoblin.

Vanquished Creatures
  A goblin (D:1)
  2 hobgoblins (D:2)
  A kobold (D:2)
4 creatures vanquished.

Notes
Turn   | Place    | Note
-------+----------+-------------------------------------------
     0 | D:1      | Amnesiac the Spriggan Wanderer began the quest for the Orb.
     0 | D:1      | Amnesiac set off with: a potion of lignification {!q}, a +0 robe, a +0 dagger, a ration
     0 | D:1      | Reached XP level 1. HP: 9/9 MP: 6/6
     2 | D:1      | Learned a level 1 spell: Infusion
   241 | D:2      | Noticed Terence
   257 | D:2      | Found a snail-covered altar of Cheibriados.
   396 | D:2      | Slain by a hobgoblin

Vault maps used:
D:1:      minmay_arrival_plants_in_alcoves
D:2:      lemuel_round_altar, cheibriados_altar_1, uniq_terence

Action                   || total
-------------------------++-------
Melee: Dagger            ||    18
 Cast: Infusion          ||     3
Armor: Robe              ||     2
Dodge: Dodged            ||     7

Table legend:
 A = Spawn XP
 B = Non-spawn XP
 C = Spawn XP percentage of total XP
 D = Spawn monster count
 E = Non-spawn monster count
 F = Spawn count percentage of total count
 G = Total turns spent on level
                    A         B        C        D         E        F      G
               +---------+---------+-------+---------+---------+-------+---------
         Total |       0 |       7 |   0.0 |       0 |       4 |   0.0 |   396
               +---------+---------+-------+---------+---------+-------+---------
           D:1 |       0 |       2 |   0.0 |       0 |       1 |   0.0 |    70
           D:2 |       0 |       5 |   0.0 |       0 |       3 |   0.0 |   326
               +---------+---------+-------+---------+---------+-------+---------
